 Dungeon Crawl Stone Soup version 0.29-a0-2-g12fcac58f8 (webtiles) character file.

Game seed: 686011805836873288

102446 freelancePsychic the Warrior (level 15, -4/152 HPs)
             Began as a Minotaur Berserker on Jan 27, 2022.
             Was a High Priest of Trog.
             Killed from afar by a shock serpent (5 damage)
             ... with a bolt of electricity
             ... on level 1 of the Snake Pit.
             The game lasted 00:51:12 (25960 turns).

freelancePsychic the Warrior (Minotaur Berserker)  Turns: 25960, Time: 00:51:13

Health: -4/152     AC: 30    Str: 26    XL:     15   Next: 86%
Magic:  14/14      EV: 11    Int:  8    God:    Trog [*****.]
Gold:   651        SH:  5    Dex: 13    Spells: 14/14 levels left

rFire   + . .      SeeInvis +   a - +3 demon blade (elec)
rCold   + + .      Faith    .   (no shield)
rNeg    + . .      Spirit   .   d - +3 gold dragon scales
rPois   +          Reflect  +   H - +0 hat {Will+}
rElec   .          Harm     .   i - +1 cloak
rCorr   .          Rampage  .   y - +0 pair of gloves
Will    +++..                   M - +0 pair of boots
Stlth   ..........              q - amulet of reflection
HPRegen 0.35/turn               s - ring of Texzyk {rPois rC+ rN+ Will+ Int+4}
MPRegen 0.14/turn               A - ring of see invisible

@: studying Polearms
A: horns 2, retaliatory headbutt
a: Renounce Religion, Berserk, Trog's Hand, Brothers in Arms


You were on level 1 of the Snake Pit.
You worshipped Trog.
Trog was extremely pleased with you.
You visited 4 branches of the dungeon, and saw 20 of its levels.
You also visited: Ossuary, Bailey and Ice Cave.

You collected 2248 gold pieces.
You spent 1597 gold pieces at shops.

Inventory:

Hand Weapons
 a - a +3 demon blade of electrocution (weapon)
 b - a +7 double sword of venom
 C - a +1 scimitar of flaming
 R - the +7 great sword of Iconoclasm {drain, Int+6}
   (You found it on level 8 of the Dungeon)

   A truly terrible weapon, it drains the life of any living foe it strikes.
   Int:       It affects your intelligence (+6).
Missiles
 c - 5 silver javelins
 g - 25 poisoned darts (quivered)
 E - 8 boomerangs
 J - 5 curare-tipped darts
 N - 15 javelins
 S - 2 throwing nets
Armour
 d - +3 gold dragon scales (worn)
 i - a +1 cloak (worn)
 y - a +0 pair of gloves (worn)
 H - a +0 hat of willpower (worn)
 M - a +0 pair of boots (worn)
Jewellery
 h - an amulet of guardian spirit
 q - an amulet of reflection (around neck)
 s - the ring of Texzyk (left hand) {rPois rC+ rN+ Will+ Int+4}
   (You bought it in a shop on level 2 of the Orcish Mines)

   [ring of positive energy]

   Int:       It affects your intelligence (+4).
   rC:        It protects you from cold.
   rPois:     It protects you from poison.
   rN:        It protects you from negative energy.
   Will:      It increases your willpower.
 A - a ring of see invisible (right hand)
Wands
 j - a wand of acid (16)
 k - a wand of mindburst (4)
 D - a wand of iceblast (17)
 P - a wand of polymorph (16)
 Q - a wand of flame (28)
 U - a wand of digging (10)
Scrolls
 e - 8 scrolls of teleportation {@r4}
 n - 2 scrolls of immolation
 r - 2 scrolls of fog
 t - 2 scrolls of holy word
 w - a scroll of fear
 x - a scroll of summoning
 B - a scroll of enchant weapon
 F - a scroll of magic mapping
 I - 5 scrolls of blinking
 K - a scroll of identify {@r1}
Potions
 f - 3 potions of berserk rage
 l - 3 potions of mutation
 m - 3 potions of might
 o - a potion of haste {@q3}
 p - 13 potions of curing {@q1}
 u - 3 potions of lignification
 v - 4 potions of heal wounds {@q2}
 z - 4 potions of flight
 G - a potion of resistance
 T - 6 potions of ambrosia
Miscellaneous
 L - a tin of tremorstones (inert)


   Skills:
 - Level 19.4 Fighting
 - Level 14.2 Long Blades
 - Level 4.2 Axes
 - Level 16.7 Armour
 - Level 14.2 Dodging
 + Level 3.4 Shields
 + Level 6.7 Evocations


You had 14 spell levels left.
You didn't know any spells.
Your spell library was empty.

Dungeon Overview and Level Annotations

Branches:
Dungeon (11/15)            Temple (0/1) D:7            Lair (6/6) D:8
  Swamp (0/4) Lair:2        Snake (1/4) Lair:3        Slime (0/5) Lair:6
    Orc (2/2) D:11            Elf (0/3) Orc:2       Ossuary (visited)
 Bailey (visited)           IceCv (visited)

Altars:
Gozag
Makhleb
Sif Muna

Shops:
D:1 ?(?   D:3 !   Orc:2 :?=*

Portals:
Hell: Lair:6

Annotations:
D:2 Natasha
D:7 exclusion: downstairs


Innate Abilities, Weirdness & Mutations

You have a pair of horns on your head.
You reflexively headbutt those who attack you in melee.


Message History

You closely miss the shock serpent.
You headbutt the shock serpent, but do no damage.
The shock serpent shoots out a bolt of lightning at you!
The bolt of electricity hits you! The bolt of electricity misses you.
You miss the shock serpent.
The shock serpent completely misses you.
You closely miss the shock serpent. The shock serpent bites you.
The shock serpent shocks you!
You are too injured to fight recklessly!
You are too injured to fight recklessly!
You are too injured to fight recklessly!
You are too injured to fight recklessly!
You are too injured to fight recklessly!
You are too injured to fight recklessly!
You are too injured to fight recklessly!
You are too injured to fight recklessly!
You are too injured to fight recklessly!
You are too injured to fight recklessly!
You are too injured to fight recklessly!
You are too injured to fight recklessly!
You are too injured to fight recklessly!
Aiming: Mindburst
Press: ? - help, Shift-Dir - straight line, f - shock serpent
Aim: a shock serpent (chance to affect: 72%)
The shock serpent's mind is blasted!!
The shock serpent's electric aura discharges, shocking you!
The shock serpent bites you but does no damage.
Aiming: Mindburst
Press: ? - help, Shift-Dir - straight line, f/p - shock serpent
Aim: a shock serpent (heavily wounded, chance to affect: 72%)
The shock serpent's mind is blasted!!
The shock serpent's electric aura discharges, shocking you!
The shock serpent shoots out a bolt of lightning at you!
The bolt of electricity hits you!! x2
* * * LOW HITPOINT WARNING * * *
The shock serpent shoots out a bolt of lightning at you!
The bolt of electricity hits you!!
* * * LOW HITPOINT WARNING * * *
The bolt of electricity hits you.
You die...

##.#. ## #..... .. ..... .
#....##### #...#.. .## ..
# #.#..##..##....##### ##
###.S...............[.
#.##....@................
##...........#.......#####
#.......###.#.#..... ####
##......###.##..... ......
##........#.....#..
....###
###........#.........#
#......
###........##........#.#
#....[
##..#.>......##.......#
#....#
..##..........##.......#
......


You could see a shock serpent.

Vanquished Creatures
  Gastronok (D:8)
  An azure jelly (IceCv)
  A quicksilver ooze (IceCv)
  10 hydras
  Erolcha (D:9)
  3 naga warriors (Snake:1)
  An ogre mage (Orc:2)
  A catoblepas (Lair:6)
  3 anacondas (Snake:1)
  7 two-headed ogres
  Urug (Lair:1)
  11 death yaks
  3 orc high priests (Orc:2)
  Sonja (D:10)
  2 naga sharpshooters (Snake:1)
  A sixfirhy (Lair:6)
  A wizard (Lair:6)
  A naga ritualist (Snake:1)
  2 orc knights (Orc:2)
  5 deep elf pyromancers
  5 deep elf zephyrmancers (Orc:1)
  3 cyclopes
  2 salamanders (Snake:1)
  5 orc sorcerers
  3 elephants (Lair:5)
  An ugly thing (D:10)
  Maurice (Orc:2)
  A guardian serpent (Snake:1)
  2 ice statues (IceCv)
  2 orange demons (Lair:6)
  8 black mambas
  A gargoyle (D:11)
  A naga mage (Snake:1)
  20 cane toads
  A smoke demon (Lair:6)
  9 rime drakes
  Psyche (D:8)
  Maggie (D:7)
  7 komodo dragons
  An ice devil (Lair:6)
  5 entropy weaver simulacra (IceCv)
  3 trolls
  3 polar bears
  3 red devils (Lair:6)
  A hornet (Lair:4)
  Prince Ribbit (D:8)
  A queen bee (Lair:2)
  11 blink frogs
  20 slime creatures (IceCv)
  7 wyverns
  40 yaks
  A steam dragon (D:7)
  4 basilisks
  Edmund (D:4)
  3 wargs (Orc:1)
  14 nagas
  2 acid dragons
  2 demonic crawler simulacra (IceCv)
  3 hell hounds (Lair:6)
  29 water moccasins
  28 orc warriors
  2 sky beasts
  4 ice beasts
  3 black bears
  2 ugly thing simulacra (IceCv)
  7 ogres
  20 wolves
  A boggart (Bailey)
  4 centaurs
  2 lemures
  A phantom (D:5)
  13 bullfrogs
  2 elf zombies (Ossuary)
  A kobold brigand (D:9)
  A gnoll sergeant (Orc:2)
  5 glowing shapeshifter simulacra (IceCv)
  A water moccasin zombie (D:6)
  A wyvern skeleton (D:7)
  36 killer bees
  An electric eel (Lair:5)
  3 howler monkeys (D:10)
  A centaur zombie (D:6)
  4 hounds
  3 jellies
  A centaur skeleton (D:4)
  2 bullfrog skeletons (D:5)
  2 human zombies (Ossuary)
  16 orc priests
  A gnoll shaman (D:4)
  Jessica (D:2)
  21 orc wizards
  Terence (D:2)
  3 iguanas
  Natasha (D:2)
  2 killer bee zombies
  A hound zombie (Ossuary)
  3 hound skeletons
  5 mummies
  A howler monkey zombie (D:6)
  10 gnolls
  A howler monkey skeleton (D:4)
  6 adders
  A white imp (D:7)
  2 adder zombies (Ossuary)
  An adder skeleton (D:4)
  2 dart slugs
  4 worms
  77 orcs
  7 endoplasms
  2 giant cockroaches
  A gnoll zombie (Ossuary)
  4 hobgoblins
  7 jackals
  6 kobolds
  4 quokkas
  5 ball pythons
  8 bats
  2 frilled lizards
  3 goblins
  2 hobgoblin zombies
  A jackal zombie (Ossuary)
  A kobold zombie (D:4)
  An orc zombie (Ossuary)
  2 rats (D:1)
  A rat zombie (Ossuary)
654 creatures vanquished.

Vanquished Creatures (collateral kills)
  2 hydras (Lair:6)
  2 orc knights (Orc:2)
  A cane toad (Lair:6)
  A troll (Orc:2)
  6 yaks (Lair:6)
  3 water moccasins (Lair:6)
  2 orc warriors (Orc:2)
  An orc wizard (Orc:2)
  2 orcs (Orc:2)
20 creatures vanquished.

Vanquished Creatures (others)
  A swamp drake (Bailey)
  An orc priest (Orc:1)
  2 orc wizards
  27 fungi
  54 plants
85 creatures vanquished.

Grand Total: 759 creatures vanquished

Notes
Turn   | Place    | Note
-------+----------+-------------------------------------------
     0 | D:1      | freelancePsychic the Minotaur Berserker began the quest for
                  | the Orb.
     0 | D:1      | Reached XP level 1. HP: 19/19 MP: 0/0
   268 | D:1      | Reached XP level 2. HP: 27/27 MP: 1/1
   473 | D:1      | Found a faded altar of an unknown god.
   529 | D:1      | Found Weenenat's Weapon Shop.
   615 | D:1      | Found Josyun's Magic Scroll Boutique.
   742 | D:1      | Found Zitim's Magic Scroll Boutique.
   827 | D:2      | Reached skill level 4 in Fighting
   827 | D:2      | Noticed Terence
   843 | D:2      | Killed Terence
   844 | D:2      | Reached skill level 1 in Long Blades
   844 | D:2      | Reached XP level 3. HP: 31/33 MP: 2/2
  1318 | D:2      | Noticed Jessica
  1320 | D:2      | Killed Jessica
  1321 | D:2      | Reached XP level 4. HP: 34/41 MP: 3/3
  1757 | D:3      | Reached ** piety under Trog
  1920 | D:3      | You fall into a shaft and drop 3 floors!
  1957 | D:6      | Noticed a bullfrog
  1969 | D:6      | Killed a bullfrog
  1970 | D:6      | Reached XP level 5. HP: 47/47 MP: 4/4
  1981 | D:6      | Noticed a sky beast
  1996 | D:6      | Killed a sky beast
  1997 | D:6      | Reached skill level 5 in Fighting
  1997 | D:6      | Reached XP level 6. HP: 56/56 MP: 5/5
  2015 | D:5      | Entered Level 5 of the Dungeon
  2059 | D:5      | Reached skill level 5 in Long Blades
  2141 | D:5      | Found an opulent altar of Gozag.
  2357 | D:5      | Reached skill level 5 in Armour
  2357 | D:5      | Reached XP level 7. HP: 62/62 MP: 6/6
  2519 | D:5      | Reached skill level 6 in Fighting
  2596 | D:4      | Found a sand-covered staircase.
  2733 | Ossuary  | Entered an ossuary
  2871 | Ossuary  | Reached XP level 8. HP: 47/71 MP: 7/7
  3248 | D:3      | Found Ubuser's Distillery.
  3248 | D:3      | Noticed Natasha
  3272 | D:2      | Killed Natasha
  3383 | D:3      | Reached *** piety under Trog
  3539 | D:4      | Noticed Edmund
  3608 | D:4      | Reached skill level 7 in Fighting
  3617 | D:4      | Killed Edmund
  4619 | D:5      | Identified the +0 chain mail of Bitterness {rF- Str+5}
  4904 | D:6      | Reached skill level 8 in Fighting
  4909 | D:6      | Reached skill level 10 in Long Blades
  4916 | D:6      | Reached **** piety under Trog
  5118 | D:6      | Reached XP level 9. HP: 81/81 MP: 8/8
  5825 | D:7      | Found a staircase to the Ecumenical Temple.
  5924 | D:7      | Reached skill level 9 in Fighting
  6104 | D:7      | Noticed Maggie
  6112 | D:7      | Killed Maggie
  6478 | D:8      | Noticed Gastronok
  6498 | D:8      | Killed Gastronok
  6499 | D:8      | Reached skill level 10 in Fighting
  6499 | D:8      | Reached XP level 10. HP: 93/93 MP: 9/9
  6566 | D:8      | Noticed Pikel
  6748 | D:8      | Noticed Psyche
  6755 | D:8      | Killed Psyche
  7220 | D:9      | Noticed a two-headed ogre
  7230 | D:9      | Killed a two-headed ogre
  7236 | D:9      | Noticed a five-headed hydra
  7248 | D:9      | Killed a one-headed hydra
  7249 | D:9      | Reached skill level 11 in Fighting
  7321 | D:9      | Noticed a two-headed ogre
  7332 | D:9      | Killed a two-headed ogre
  7333 | D:9      | Reached skill level 12 in Fighting
  7559 | D:9      | Noticed Erolcha
  7569 | D:9      | Killed Erolcha
  7570 | D:9      | Reached skill level 1 in Evocations
  8034 | D:9      | Reached XP level 11. HP: 101/105 MP: 10/10
  8156 | D:10     | Entered Level 10 of the Dungeon
  8168 | D:10     | Noticed a white ugly thing
  8178 | D:10     | Killed a white ugly thing
  8185 | D:10     | Found a flagged portal.
  8200 | D:10     | Identified the +3 spear of the Original Sin {pain, Str+2}
  8214 | Bailey   | Entered a bailey
  9001 | Bailey   | Reached skill level 13 in Fighting
  9001 | Bailey   | Reached XP level 12. HP: 113/116 MP: 11/11
  9199 | D:10     | Reached skill level 5 in Evocations
  9287 | D:10     | Reached skill level 14 in Fighting
  9332 | D:10     | Noticed Sonja
  9349 | D:10     | Killed Sonja
  9377 | D:10     | Reached ***** piety under Trog
  9757 | D:8      | Noticed Pikel
  9757 | D:8      | Pikel changed into Pikel the human
  9761 | D:8      | Noticed Pikel
  9761 | D:8      | Pikel the human changed into Pikel the ice beast
  9773 | D:8      | Killed Pikel the ice beast
  9870 | D:2      | Noticed Natasha
  9929 | D:1      | Bought a +3 demon blade of electrocution for 545 gold
                  | pieces
  9968 | D:1      | Bought a scroll of blinking for 82 gold pieces
 10304 | D:8      | Noticed Prince Ribbit
 10310 | D:8      | Killed Prince Ribbit
 10624 | D:8      | Found a staircase to the Lair.
 10949 | D:8      | Identified the +7 great sword of Iconoclasm {drain, Int+6}
 11146 | D:11     | Reached skill level 10 in Armour
 11518 | D:11     | Found a staircase to the Orcish Mines.
 11809 | D:11     | Found a shimmering blue altar of Sif Muna.
 12004 | Lair:1   | Entered Level 1 of the Lair of Beasts
 12183 | Lair:1   | Found the +4 robe of Augmentation {Str+4 Int+4 Dex+4}
 12187 | Lair:1   | Noticed Urug
 12200 | Lair:1   | Killed Urug
 13037 | Lair:2   | Reached XP level 13. HP: 111/125 MP: 12/12
 13176 | Lair:2   | Found a staircase to the Swamp.
 13201 | Lair:2   | Reached skill level 15 in Fighting
 13773 | Lair:2   | Received a gift from Trog
 14456 | Lair:3   | Reached skill level 10 in Dodging
 14515 | Lair:3   | Reached skill level 16 in Fighting
 14914 | Lair:3   | Found a staircase to the Snake Pit.
 16237 | Lair:4   | Received a gift from Trog
 16587 | Lair:5   | You fall into a shaft and drop 1 floor!
 16587 | Lair:6   | Entered Level 6 of the Lair of Beasts
 16594 | Lair:6   | Reached XP level 14. HP: 138/138 MP: 13/13
 16999 | Lair:6   | Reached skill level 17 in Fighting
 17226 | Lair:6   | Found a frozen archway.
 17237 | IceCv    | Entered an ice cave
 18068 | IceCv    | Noticed a quicksilver ooze
 18071 | IceCv    | Killed a quicksilver ooze
 18076 | IceCv    | Received a gift from Trog
 18718 | IceCv    | Found a viscous altar of Jiyva.
 18718 | IceCv    | Noticed an azure jelly
 18728 | IceCv    | Killed an azure jelly
 18761 | IceCv    | Got the ring of the Three Knives {rF++ rC+ Slay-6}
 18767 | IceCv    | Identified the +2 ice dragon scales of Worif {+Inv rPois
                  | rF- rC++ Str+4 Dex-3}
 19151 | Lair:6   | Found a burning altar of Makhleb.
 19186 | Lair:6   | Reached skill level 18 in Fighting
 19192 | Lair:6   | Reached skill level 15 in Armour
 19380 | Lair:6   | Found a gateway to Hell.
 19753 | Lair:6   | Found a staircase to the Slime Pits.
 19946 | Lair:5   | Reached XP level 15. HP: 120/149 MP: 14/14
 20701 | Lair:5   | Identified the +4 battleaxe of the Candle {chaos, Fly}
 21391 | Orc:1    | Entered Level 1 of the Orcish Mines
 21901 | Orc:1    | Received a gift from Trog
 22752 | Orc:2    | Entered Level 2 of the Orcish Mines
 22780 | Orc:2    | Found a staircase to the Elven Halls.
 23134 | Orc:2    | Received a gift from Trog
 23281 | Orc:2    | Found Menair's Assorted Antiques.
 23313 | Orc:2    | Noticed Maurice
 23329 | Orc:2    | Killed Maurice
 23403 | Orc:2    | Reached skill level 19 in Fighting
 24150 | Orc:2    | Found Kyhuwup's Magic Scroll Emporium.
 24157 | Orc:2    | Found Sel Coar's Jewellery Emporium.
 24164 | Orc:2    | Bought the ring of Texzyk {rPois rC+ rN+ Will+ Int+4} for
                  | 835 gold pieces
 24168 | Orc:2    | Found Icwye's Book Boutique.
 24174 | Orc:2    | Bought a scroll of blinking for 135 gold pieces
 24646 | Snake:1  | Entered Level 1 of the Snake Pit
 24966 | Snake:1  | Reached skill level 1 in Shields
 25960 | Snake:1  | HP: 1/152 [shock serpent/bolt of electricity (23)]
 25960 | Snake:1  | Killed from afar by a shock serpent

Illustrated notes

Levels and vault maps discovered:
D:1:      dpeg_arrival_three_same_balls, layout_basic, serial_shops, shop,
          nicolae_shop_bloodbath_and_beyond, nicolae_shop_behind_doors,
          ebering_ecumenical_altar_hall
D:2:      layout_loops_cross, uniq_jessica, uniq_terence
D:3:      layout_rooms, serial_shops, shop, kennysheep_generic_room_15,
          uniq_natasha
D:4:      layout_rooms, nicolae_ossuary_entry_giza, uniq_edmund
D:5:      layout_gridville, grunt_gozag_breadcrumbs
D:6:      layout_gridville
D:7:      layout_basic, temple_statues, uniq_maggie
D:8:      layout_gridville, erik_lair_dragon, uniq_psyche, uniq_pikel,
          uniq_prince_ribbit1, uniq_gastronok
D:9:      layout_gridville, uniq_erolcha
D:10:     layout_roguey, enter_bailey_2, lemuel_another_geyser, uniq_sonja
D:11:     layout_loops_ring, orc_0_dummy, tgw_sif
Lair:1:   layout_gridlike, guppyfry_lair_drakes, uniq_urug
Lair:2:   layout_roguey [special_room_bee], minmay_swamp_entry_reptiles
Lair:3:   layout_roguey, minmay_snake_entry_guardpost_large,
          infiniplex_staircase_pool
Lair:4:   layout_cave_pods, hangedman_lair_unloving_vines,
          minmay_lair_drake_nest
Lair:5:   layout_cave_shapes, serial_bayou_shore_a, infiniplex_staircase_pool_2
Lair:6:   evil_forest, layout_hall_layers, dpeg_slime_entry_corner,
          portal_ice_cave_rime, fungi_pond_lemuel,
          nicolae_quartered_pool_medium, evilmike_ambush
          [evilmike_ambush_outer_pillars, evilmike_ambush_inner_basic]
Snake:1:  layout_onion_interference, drop_trap, lemuel_fruit_tree
Orc:1:    layout_caves, elves_outpost_lemuel
Orc:2:    st_orc_elflike, layout_diamond_mine, uniq_maurice

Skill      XL: |  1  2  3  4  5  6  7  8  9 10 11 12 13 14 15 |
---------------+----------------------------------------------+-----
Axes           | 4 |  4.2
Fighting       | 4 5 6 8 10 12 13 14 16 18 19 | 19.4
Long Blades    | 1 2 3 4 5 7 10 12 14 | 14.2
Armour         | 3 4 5 6 9 10 13 15 16 | 16.7
Evocations     | 1 4 6 |  6.7
Dodging        | 3 6 8 11 13 14 | 14.2
Shields        | 3 |  3.4

Action                   |  1- 3 |  4- 6 |  7- 9 | 10-12 | 13-15 || total
-------------------------+-------+-------+-------+-------+-------++-------
Melee: Hand axe          |    57 |       |       |       |       ||    57
       Short sword       |    11 |       |       |       |       ||    11
       Headbutt          |     6 |    13 |    48 |    73 |   309 ||   449
       Punch             |     2 |     1 |     6 |     4 |    18 ||    31
       Falchion          |    21 |    81 |   276 |       |       ||   378
       Scimitar          |       |       |    11 |   282 |    90 ||   383
       Demon blade       |       |       |       |   136 |  1157 ||  1293
       Double sword      |       |       |       |       |    38 ||    38
Throw: Dart              |       |       |       |    31 |       ||    31
       Throwing net      |       |       |       |     1 |       ||     1
Invok: Berserk           |     2 |     2 |     2 |     2 |     3 ||    11
       Trog's Hand       |       |     1 |     2 |     4 |     9 ||    16
       Brothers in Arms  |       |       |       |     1 |     4 ||     5
Evoke: Wand              |       |       |       |    10 |     8 ||    18
       Tin of tremorston |       |       |       |     2 |     4 ||     6
  Use: Scroll            |       |     6 |     3 |    13 |     7 ||    29
       Potion            |       |       |       |     1 |     3 ||     4
 Stab: Held in net/web   |       |       |       |     2 |       ||     2
       Confused          |       |       |       |     1 |       ||     1
Armor: Gold dragon scale |    97 |    72 |   236 |   252 |   656 ||  1313
Dodge: Dodged            |    13 |    12 |    75 |    75 |   419 ||   594
Block: Other             |       |       |       |    57 |   233 ||   290
       Reflection        |       |       |       |       |     7 ||     7

Table legend: (Time is in decaauts)
 A = Elapsed time spent in this place.
 B = Non-inter-level travel time spent in this place.
 C = Inter-level travel time spent in this place.
 D = Time resting spent in this place.
 E = Time spent auto-exploring this place.
 F = Levels seen in this place.
 G = Mean time per level.
                   A        B        C        D        E       F      G
               +--------+--------+--------+--------+--------+-----+--------+
         Total |  25475 |  23533 |   1942 |   3124 |  15857 |  23 | 1107.6 |
       Dungeon |  11612 |  10131 |   1481 |   1197 |   7168 |  11 | 1055.6 |
          Lair |   7823 |   7411 |    412 |    631 |   5529 |   6 | 1303.8 |
     Snake Pit |    881 |    881 |      0 |    251 |    400 |   1 |  881.0 |
  Orcish Mines |   2320 |   2272 |     48 |    257 |   1602 |   2 | 1160.0 |
       Ossuary |    369 |    369 |      0 |      0 |    205 |   1 |  369.0 |
        Bailey |    896 |    896 |      0 |    143 |    344 |   1 |  896.0 |
      Ice Cave |   1571 |   1571 |      0 |    644 |    609 |   1 | 1571.0 |
               +--------+--------+--------+--------+--------+-----+--------+

Top non-repeatable levels by time:
  Lair:6: 1580 daAuts
   Orc:2: 1575 daAuts
   IceCv: 1571 daAuts
     D:8: 1486 daAuts
  Lair:3: 1458 daAuts
    D:11: 1371 daAuts
  Lair:5: 1363 daAuts
     D:7: 1214 daAuts
     D:9: 1194 daAuts
  Lair:4: 1186 daAuts
  Lair:2: 1165 daAuts
  Lair:1: 1069 daAuts
     D:2: 1047 daAuts
     D:5: 1016 daAuts
     D:1: 977 daAuts
